 Dungeon Crawl Stone Soup version 0.20.1-1-g8b1a95d (webtiles) character file.

887 Folque the Conjurer (level 8, -9/52 HPs)
             Began as an Octopode Wizard on Nov 6, 2017.
             Mangled by Prince Ribbit (11 damage)
             ... on level 5 of the Dungeon.
             The game lasted 00:24:49 (5022 turns).

Folque the Conjurer (Octopode Wizard)               Turns: 5022, Time: 00:24:50

Health: -9/52      AC:  1    Str:  6    XL:     8   Next: 5%
Magic:  11/15      EV: 13    Int: 22    God:
Gold:   240        SH:  0    Dex: 11    Spells: 9/17 levels left

rFire    . . .     SeeInvis .   B - +1 hand axe (flame)
rCold    . . .     Gourm    .   (no shield)
rNeg     . . .     Faith    .   a - +0 hat
rPois    .         Spirit   .   (no amulet)
rElec    .         Reflect  .   u - ring of stealth
rCorr    .         Harm     .   (no ring)
MR       .....                  (no ring)
Stlth    ++++......             (no ring)
Regen    0.2/turn               (no ring)
MPRegen  0.2/turn               (no ring)
                                (no ring)
                                (no ring)

@: no status effects
A: almost no armour, stealthy swim, amphibious, 8 rings, constrict 8, camouflage
1, gelatinous body 1
a: no special abilities


You were on level 5 of the Dungeon.
You were very hungry.

You visited 2 branches of the dungeon, and saw 6 of its levels.

You collected 240 gold pieces.

Inventory:

Hand Weapons
 k - a +1 mace of protection
 B - a +1 hand axe of flaming (weapon)
 H - a +1 flail of holy wrath
Armour
 a - a +0 hat (worn)
Jewellery
 u - a ring of stealth (left tentacle)
 x - an uncursed amulet of guardian spirit {unknown}
Wands
 G - a wand of iceblast (6/15)
Scrolls
 d - a scroll of enchant weapon {unknown}
 j - 2 scrolls of fear
 l - 3 scrolls of identify {unknown}
 p - 2 scrolls of remove curse
 q - a scroll of blinking {unknown}
 s - 2 scrolls of fog {unknown}
 v - 2 scrolls of amnesia {unknown}
 y - a scroll of teleportation {unknown}
 z - a scroll of magic mapping {unknown}
 E - a scroll of enchant armour {unknown}
Potions
 e - 3 potions of degeneration {unknown}
 f - 3 potions of brilliance {unknown}
 h - 2 potions of might {unknown}
 m - 2 potions of mutation {unknown}
 n - a potion of flight {unknown}
 o - 3 potions of curing {unknown}
 t - 4 potions of haste {unknown}
 w - a potion of invisibility {unknown}
 C - a potion of resistance {unknown}
 D - a potion of heal wounds {unknown}
 F - a potion of lignification {unknown}
Books
 b - a book of Minor Magic

   Spells                             Type                      Level
   a - Magic Dart                     Conjuration                  1
   b - Blink                          Translocation                2
   c - Call Imp                       Summoning                    2
   d - Slow                           Hexes                        2
   e - Conjure Flame                  Conjuration/Fire             3
   f - Mephitic Cloud                 Conjuration/Poison/Air       3
Comestibles
 c - 5 bread rations
 g - a fruit
 i - 6 meat rations
 r - 2 royal jellies


   Skills:
 - Level 3.0 Fighting
 - Level 2.0 Dodging
 - Level 2.6 Stealth
 + Level 5.2 Spellcasting
 * Level 6.1 Conjurations
 - Level 1.0 Summonings
 - Level 1.0 Translocations
 - Level 3.0 Poison Magic


You had 9 spell levels left.
You knew the following spells:

 Your Spells              Type           Power        Failure   Level  Hunger
a - Magic Dart            Conj           ####         1%          1    None
b - Call Imp              Summ           ##......     10%         2    None
c - Blink                 Tloc           N/A          10%         2    None
d - Mephitic Cloud        Conj/Pois/Air  ###.....     9%          3    ##.....


Dungeon Overview and Level Annotations

Branches:
Dungeon (5/15)             Temple (1/1) D:4

Altars:
Dithmenos
Fedhas
Hepliaklqana
Kikubaaqudgha
Makhleb
Nemelex Xobeh
Okawaru
Qazlal
Uskayaw
Zin
Lugonu

Annotations:
D:5 Prince Ribbit


Innate Abilities, Weirdness & Mutations

You cannot wear most types of armour.
You are very stealthy in the water. (Stealth+)
You are amphibious.
You can wear up to eight rings at the same time.
You can use your tentacles to constrict eight enemies at once.
Your skin changes colour to match your surroundings (Stealth+).
Your rubbery body absorbs attacks. (AC +1, EV +1)


Message History

You closely miss Prince Ribbit. Your grab misses Prince Ribbit.
Prince Ribbit is lightly wounded.
Prince Ribbit closely misses you.
Your crimson imp misses Prince Ribbit.
Prince Ribbit hits you!
You miss Prince Ribbit. You grab Prince Ribbit.
Prince Ribbit is lightly wounded.
You constrict Prince Ribbit. Prince Ribbit hits you.
Your crimson imp hits Prince Ribbit.
You swap places.
You release your grip on Prince Ribbit.
Prince Ribbit blinks!
Your crimson imp blinks!
Casting: Call Imp
Confirm with . or Enter, or press ? or * to list all spells.
A beastly little devil appears in a puff of flame.
Your crimson imp hits Prince Ribbit.
You hit Prince Ribbit. You burn Prince Ribbit. You grab Prince Ribbit.
Prince Ribbit is heavily wounded.
You constrict Prince Ribbit. Prince Ribbit hits you!!
* * * LOW HITPOINT WARNING * * *
Prince Ribbit hits you!
You die...

..# #.###..# #.#
### #.###... #.#
#.###...##.# #.
#.....#.#
#..#...#.#.#
#...# ##..#
#..######
#@.5......
##.....F5......
###..##....5....
.... #.>.......
... ##........
## #........
#........
.......


You could see Prince Ribbit and 3 friendly crimson imps.

Vanquished Creatures
  Edmund (D:5)
  A phantom (D:4)
  A howler monkey (D:4)
  A bullfrog skeleton (D:5)
  3 orc priests
  2 iguanas
  4 orc wizards
  A worker ant (D:4)
  A hound zombie (D:5)
  A worker ant zombie (D:5)
  4 adders
  An ooze (D:3)
  An adder skeleton (D:5)
  2 dart slugs
  2 leopard geckos
  15 orcs
  5 bats
  5 giant cockroaches
  9 goblins
  6 hobgoblins
  10 kobolds
  A quokka (D:2)
  7 frilled lizards
  A leopard gecko skeleton (D:5)
  3 rats
  A demonic plant (Temple)
89 creatures vanquished.

Vanquished Creatures (collateral kills)
  The ghost of Thaneod the Conjurer, an amateur DEFE of Vehumet (D:4)
  A phantom (D:5)
  The ghost of Glamhuggeren the Ruffian, a weakling NaTm (D:5)
  A hound (D:4)
  An orc priest (D:3)
  2 orc wizards
  A howler monkey skeleton (D:5)
  6 adders (D:2)
  2 worms
  A dart slug (D:4)
  4 orcs
  A ball python (D:2)
  A kobold (D:1)
23 creatures vanquished.

Vanquished Creatures (others)
  A goblin (D:2)
1 creature vanquished.

Grand Total: 113 creatures vanquished

Notes
Turn   | Place    | Note
-------+----------+-------------------------------------------
     0 | D:1      | Folque the Octopode Wizard began the quest for the Orb.
     0 | D:1      | Reached XP level 1. HP: 11/11 MP: 4/4
   109 | D:1      | Reached skill level 1 in Fighting
   157 | D:1      | Reached XP level 2. HP: 18/18 MP: 4/6
   161 | D:1      | Learned a level 2 spell: Call Imp
   164 | D:1      | Learned a level 2 spell: Blink
   759 | D:2      | Reached XP level 3. HP: 19/24 MP: 7/7
   916 | D:2      | Learned a level 3 spell: Mephitic Cloud
  1180 | D:2      | Found a stormy altar of Qazlal.
  1213 | D:2      | Reached skill level 1 in Poison Magic
  1213 | D:2      | Reached XP level 4. HP: 18/29 MP: 2/9
  1438 | D:2      | Found a faded altar of an unknown god.
  1901 | D:3      | Reached skill level 2 in Conjurations
  1901 | D:3      | Reached XP level 5. HP: 34/34 MP: 2/10
  2548 | D:3      | Reached skill level 3 in Conjurations
  2548 | D:3      | Reached XP level 6. HP: 39/39 MP: 12/12
  2580 | D:3      | Found a sparkling altar of Nemelex Xobeh.
  3250 | D:4      | Found a staircase to the Ecumenical Temple.
  3260 | Temple   | Entered the Ecumenical Temple
  3481 | D:4      | Noticed Thaneod's ghost (amateur DEFE)
  3518 | D:4      | Killed Thaneod's ghost
  3621 | D:4      | Reached skill level 4 in Conjurations
  3621 | D:4      | Reached XP level 7. HP: 46/46 MP: 7/13
  4224 | D:5      | Entered Level 5 of the Dungeon
  4224 | D:5      | Noticed Glamhuggeren's ghost (weakling NaTm)
  4233 | D:5      | Killed Glamhuggeren's ghost
  4268 | D:5      | Reached skill level 5 in Conjurations
  4800 | D:5      | Reached skill level 5 in Spellcasting
  4873 | D:5      | Noticed Edmund
  4895 | D:5      | Killed Edmund
  4895 | D:5      | Reached skill level 6 in Conjurations
  4895 | D:5      | Reached XP level 8. HP: 49/52 MP: 5/15
  5002 | D:5      | Noticed Prince Ribbit
  5022 | D:5      | HP: 2/52 [Prince Ribbit (18)]
  5022 | D:5      | Mangled by Prince Ribbit

Skill      XL: |  1  2  3  4  5  6  7 |
---------------+----------------------+-----
Fighting       | 1 2 3 |  3.0
Poison Magic   | 1 2 3 |  3.0
Conjurations   | 2 3 4 6 |  6.1
Spellcasting   | 4 5 |  5.2
Dodging        | |  2.0
Stealth        | |  2.6
Summonings     | |  1.0
Translocations | |  1.0

Action                   |  1- 3 |  4- 6 |  7- 9 || total
-------------------------+-------+-------+-------++-------
Melee: Club              |    52 |       |       ||    52
       Constrict         |    17 |    24 |    22 ||    63
       Unarmed           |     3 |       |       ||     3
       Tentacles         |     4 |    15 |    15 ||    34
       Mace              |    12 |   117 |     2 ||   131
       Hand axe          |       |       |    89 ||    89
 Cast: Magic Dart        |     7 |     6 |     5 ||    18
       Call Imp          |    12 |    29 |    27 ||    68
       Blink             |     1 |       |       ||     1
       Mephitic Cloud    |       |     9 |     7 ||    16
  Use: Scroll            |     1 |     1 |       ||     2
 Stab: Sleeping          |    10 |     9 |       ||    19
       Distracted        |     1 |       |     4 ||     5
       Confused          |       |     2 |     3 ||     5
  Eat: Chunk             |     1 |     9 |     4 ||    14
Armor: Skin              |    14 |    27 |     1 ||    42
Dodge: Dodged            |    44 |    61 |    41 ||   146
